General information
- name: BNet
- type: Ladder 1vs1/FFA
- host: Battle.net
- saver: MrFrosty
map: LostTemple
- players: 2
- length: 73:23
- speed: Fast
- version: 1.21 W3XP
- replay type: Public
» download(256 KB)
Players
team 1 (loser)

»
luxuryplayer (
pink | 102 APM | 7469 actions | 73:20)
9 Demon Hunter
2 Immolation
3 Mana Burn
3 Evasion
1 Metamorphosis
5 Warden
3 Shadow Strike
2 Fan of Knives
5 Priestess of the Moon
2 Trueshot Aura
1 Searing Arrows
2 Scout
» actions
| Assign group hotkey | 56 | |
| Basic commands | 682 | |
| Build / train | 282 | |
| ESC pressed | 48 | |
| Enter build submenu | 173 | |
| Enter hero's abilities submenu | 18 | |
| Give item / drop item | 19 | |
| Remove unit from queue | 6 | |
| Right click | 2692 | |
| Select / deselect | 1391 | |
| Select group hotkey | 1432 | |
| Use ability | 669 | |
7469 total
» units
| Wisp | 140 | |
| Goblin Shredder | 4 | |
| Dryad | 8 | |
| Druid of the Claw | 10 | |
| Goblin Zeppelin | 11 | |
| Chimaera | 4 | |
| Hippogryph | 28 | |
205 total
» upgrades
| Nature's Blessing | 1 | |
| Druid of the Claw Training | 2 | |
| Strength of the Wild | 2 | |
| Reinforced Hides | 2 | |
| Corrosive Breath | 1 | |
8 total
» buildings
| Altar of Elders | 8 | |
| Moon Well | 16 | |
| Ancient of War | 96 | |
| Hunter's Hall | 1 | |
| Tree of Life | 14 | |
| Tree of Ages | 6 | |
| Ancient of Lore | 2 | |
| Ancient of Wonders | 1 | |
| Tree of Eternity | 2 | |
| Ancient of Wind | 11 | |
| Chimaera Roost | 2 | |
| Ancient Protector | 8 | |
167 total
» build order
00:07 Altar of Elders
00:18 Moon Well
00:40 Ancient of War
01:29 Moon Well
02:01 Hunter's Hall
02:58 Tree of Life
03:29 Moon Well
04:20 Tree of Ages
04:20 Tree of Ages
04:20 Tree of Ages
04:20 Tree of Ages
05:49 Moon Well
06:58 Ancient of Lore
07:00 Ancient of Wonders
07:03 Ancient of Lore
07:17 Moon Well
08:24 Tree of Life
09:01 Tree of Eternity
09:01 Tree of Eternity
10:51 Tree of Life
12:04 Tree of Life
12:13 Ancient of Wind
14:25 Chimaera Roost
14:29 Chimaera Roost
15:28 Moon Well
15:50 Tree of Life
23:54 Tree of Life
28:18 Tree of Life
31:42 Ancient of War
33:03 Tree of Life
33:04 Tree of Life
33:12 Ancient Protector
33:13 Ancient Protector
33:15 Ancient Protector
33:46 Ancient of War
33:48 Ancient of War
33:50 Ancient of War
33:52 Ancient of War
33:53 Ancient of War
34:57 Ancient of War
34:59 Ancient of War
35:00 Ancient of War
36:02 Ancient of War
36:05 Ancient of War
36:11 Ancient of War
36:13 Ancient of War
36:46 Ancient Protector
36:52 Ancient Protector
37:23 Ancient of War
37:25 Ancient of War
37:27 Ancient of War
37:31 Ancient of War
37:32 Ancient of War
37:34 Ancient of War
37:35 Ancient of War
37:44 Ancient of War
37:46 Ancient of War
37:52 Ancient of War
37:54 Ancient of War
37:57 Ancient of War
37:58 Ancient of War
38:00 Ancient of War
38:04 Ancient of War
38:07 Ancient of War
38:10 Ancient of War
38:13 Ancient of War
38:16 Ancient of War
38:18 Ancient of War
39:01 Ancient of War
39:57 Tree of Life
44:36 Ancient of War
44:38 Ancient of War
44:39 Ancient of War
44:41 Ancient of War
44:42 Ancient of War
44:44 Ancient of War
44:47 Ancient of War
45:51 Ancient of War
45:52 Ancient of War
45:53 Ancient of War
45:54 Ancient of War
45:56 Ancient of War
45:59 Ancient of War
46:03 Ancient of War
46:12 Ancient of War
46:44 Ancient of War
46:47 Ancient of War
46:49 Ancient of War
47:57 Ancient Protector
48:03 Ancient Protector
48:36 Ancient of War
48:50 Ancient of War
48:52 Ancient of War
48:53 Ancient of War
48:55 Ancient of War
49:52 Tree of Life
49:53 Ancient of War
49:55 Ancient of War
49:56 Ancient of War
50:00 Ancient of War
50:03 Ancient of War
50:05 Ancient of War
52:06 Ancient of War
52:09 Ancient of War
52:21 Ancient Protector
53:10 Ancient of War
53:12 Ancient of War
53:14 Ancient of War
53:24 Tree of Life
54:07 Ancient of War
54:08 Ancient of War
54:10 Ancient of War
54:11 Ancient of War
54:15 Ancient of War
55:19 Ancient of War
55:21 Ancient of War
55:24 Ancient of War
55:26 Ancient of War
56:22 Ancient of War
56:25 Ancient of War
56:27 Ancient of War
58:24 Ancient of War
58:29 Ancient of War
58:30 Ancient of War
58:32 Ancient of War
58:33 Ancient of War
58:36 Ancient of War
58:38 Ancient of War
59:16 Ancient of War
60:35 Ancient of War
60:39 Ancient of War
60:40 Ancient of War
60:41 Ancient of War
60:44 Ancient of War
60:46 Ancient of War
61:01 Ancient of War
64:28 Ancient of Wind
64:30 Ancient of Wind
64:33 Ancient of Wind
65:22 Altar of Elders
65:28 Ancient of Wind
65:35 Ancient of Wind
65:42 Tree of Life
66:15 Tree of Ages
66:16 Moon Well
66:46 Moon Well
66:49 Moon Well
66:51 Moon Well
67:19 Moon Well
67:21 Moon Well
67:22 Moon Well
67:40 Moon Well
67:44 Moon Well
68:43 Ancient of Wind
68:55 Ancient of Wind
68:57 Ancient of Wind
68:58 Ancient of Wind
69:00 Ancient of Wind
69:28 Moon Well
69:31 Altar of Elders
70:03 Tree of Life
71:10 Altar of Elders
72:31 Altar of Elders
72:42 Altar of Elders
72:45 Altar of Elders
72:59 Altar of Elders
» items
| Boots of Speed | 3 | |
| Staff of Teleportation | 4 | |
| Moonstone | 1 | |
| Staff of Preservation | 2 | |
| Potion of Healing | 1 | |
| Lesser Clarity Potion | 1 | |
| Scroll of Town Portal | 1 | |
| Orb of Venom | 1 | |
| Periapt of Vitality | 1 | |
| Potion of Lesser Invulnerability | 1 | |
| Scroll of Healing | 1 | |
| Dust of Appearance | 1 | |
| Tome of Retraining | 2 | |
20 total
team 2 (winner)
MrFrosty (
green | 87 APM | 6385 actions | 73:23)
6 Archmage
3 Blizzard
2 Brilliance Aura
1 Mass Teleport
6 Blood Mage
3 Flame Strike
2 Siphon Mana
1 Summon Phoenix
5 Mountain King
3 Storm Bolt
2 Bash
» actions
| Assign group hotkey | 54 | |
| Basic commands | 33 | |
| Build / train | 217 | |
| ESC pressed | 2 | |
| Enter build submenu | 111 | |
| Enter hero's abilities submenu | 19 | |
| Give item / drop item | 6 | |
| Remove unit from queue | 4 | |
| Right click | 2949 | |
| Select / deselect | 1191 | |
| Select group hotkey | 1329 | |
| Use ability | 470 | |
6385 total
» units
| Peasant | 34 | |
| Priest | 5 | |
| Sorceress | 9 | |
| Goblin Shredder | 1 | |
| Dragonhawk Rider | 4 | |
| Goblin Zeppelin | 3 | |
| Flying Machine | 8 | |
| Gryphon Rider | 6 | |
70 total
» upgrades
| Masonry | 3 | |
| Lumber Harvesting | 3 | |
| Magic Sentry | 1 | |
| Sorceress Training | 2 | |
| Priest Training | 3 | |
| Animal War Training | 1 | |
| Armor | 3 | |
| Swords | 4 | |
| Backpack | 1 | |
| Cloud | 1 | |
| Plating | 1 | |
| Gunpowder | 2 | |
| Flying Machine Bombs | 1 | |
| Storm Hammers | 1 | |
| Flare | 1 | |
28 total
» buildings
| Altar of Kings | 1 | |
| Farm | 11 | |
| Lumber Mill | 3 | |
| Scout Tower | 113 | |
| Arcane Tower | 10 | |
| Guard Tower | 58 | |
| Keep | 1 | |
| Arcane Sanctum | 1 | |
| Town Hall | 3 | |
| Castle | 1 | |
| Arcane Vault | 1 | |
| Gryphon Aviary | 3 | |
| Blacksmith | 2 | |
| Barracks | 1 | |
| Workshop | 3 | |
212 total
» build order
00:09 Altar of Kings
00:20 Farm
00:21 Lumber Mill
01:01 Scout Tower
01:24 Farm
01:29 Arcane Tower
01:32 Scout Tower
01:55 Scout Tower
02:04 Guard Tower
02:24 Arcane Tower
02:24 Scout Tower
02:30 Scout Tower
02:34 Scout Tower
03:05 Guard Tower
03:07 Scout Tower
03:40 Guard Tower
03:42 Guard Tower
03:51 Scout Tower
03:54 Keep
04:10 Scout Tower
04:13 Scout Tower
04:17 Scout Tower
04:21 Guard Tower
04:33 Scout Tower
04:42 Scout Tower
04:43 Guard Tower
05:09 Guard Tower
05:12 Guard Tower
05:15 Scout Tower
05:20 Arcane Tower
05:42 Scout Tower
05:49 Guard Tower
06:26 Arcane Sanctum
06:28 Farm
06:54 Guard Tower
07:01 Farm
07:09 Arcane Tower
07:11 Scout Tower
07:31 Scout Tower
07:44 Guard Tower
07:58 Scout Tower
08:01 Guard Tower
08:17 Scout Tower
08:29 Guard Tower
08:30 Scout Tower
08:47 Guard Tower
09:01 Arcane Tower
09:32 Town Hall
09:36 Scout Tower
09:37 Scout Tower
10:06 Guard Tower
10:19 Scout Tower
10:21 Scout Tower
10:28 Guard Tower
10:29 Scout Tower
10:54 Scout Tower
12:03 Guard Tower
12:04 Scout Tower
12:05 Scout Tower
12:23 Castle
12:34 Guard Tower
12:36 Guard Tower
12:37 Scout Tower
12:37 Scout Tower
12:38 Scout Tower
12:51 Scout Tower
12:59 Guard Tower
13:27 Guard Tower
13:30 Scout Tower
13:33 Guard Tower
13:45 Scout Tower
13:46 Scout Tower
14:01 Arcane Vault
14:35 Guard Tower
15:30 Scout Tower
15:31 Scout Tower
15:32 Scout Tower
15:37 Guard Tower
15:39 Scout Tower
15:39 Scout Tower
15:40 Scout Tower
15:51 Scout Tower
15:52 Scout Tower
15:52 Scout Tower
15:54 Arcane Tower
16:04 Scout Tower
16:05 Scout Tower
16:07 Scout Tower
16:25 Guard Tower
16:29 Scout Tower
16:29 Scout Tower
16:30 Scout Tower
16:31 Scout Tower
17:21 Guard Tower
17:37 Guard Tower
17:48 Scout Tower
17:48 Scout Tower
17:56 Scout Tower
17:57 Scout Tower
17:58 Scout Tower
18:54 Scout Tower
18:55 Scout Tower
19:18 Lumber Mill
19:30 Arcane Tower
20:24 Arcane Tower
20:34 Scout Tower
20:58 Guard Tower
21:18 Guard Tower
21:36 Guard Tower
21:38 Scout Tower
21:39 Scout Tower
21:58 Guard Tower
22:48 Scout Tower
22:48 Scout Tower
22:51 Scout Tower
23:20 Guard Tower
23:33 Scout Tower
23:37 Scout Tower
23:41 Guard Tower
23:55 Guard Tower
23:56 Scout Tower
24:02 Scout Tower
24:08 Arcane Tower
24:11 Scout Tower
24:12 Scout Tower
24:23 Guard Tower
24:26 Scout Tower
24:47 Gryphon Aviary
24:53 Guard Tower
25:08 Guard Tower
25:32 Arcane Tower
25:34 Guard Tower
25:47 Blacksmith
25:49 Barracks
26:34 Guard Tower
26:44 Guard Tower
27:07 Scout Tower
27:46 Guard Tower
29:42 Scout Tower
29:44 Scout Tower
29:47 Scout Tower
29:48 Scout Tower
29:48 Scout Tower
30:53 Scout Tower
30:54 Scout Tower
30:54 Scout Tower
30:56 Guard Tower
31:33 Guard Tower
31:57 Scout Tower
31:58 Scout Tower
31:58 Scout Tower
32:01 Scout Tower
32:01 Scout Tower
32:32 Guard Tower
32:36 Town Hall
33:00 Guard Tower
35:58 Scout Tower
35:59 Scout Tower
36:00 Scout Tower
36:00 Scout Tower
36:01 Scout Tower
36:02 Scout Tower
36:33 Guard Tower
37:03 Guard Tower
38:15 Scout Tower
38:16 Scout Tower
38:41 Scout Tower
38:42 Scout Tower
38:43 Scout Tower
38:47 Guard Tower
39:21 Guard Tower
39:23 Scout Tower
39:24 Scout Tower
39:25 Scout Tower
39:25 Scout Tower
39:33 Lumber Mill
39:37 Scout Tower
39:38 Scout Tower
39:39 Scout Tower
39:39 Scout Tower
39:40 Scout Tower
39:40 Scout Tower
40:01 Guard Tower
40:35 Guard Tower
40:44 Guard Tower
41:25 Scout Tower
43:13 Guard Tower
47:48 Workshop
47:50 Workshop
47:54 Workshop
48:27 Guard Tower
48:36 Scout Tower
48:36 Scout Tower
48:37 Scout Tower
48:38 Scout Tower
48:40 Scout Tower
49:09 Guard Tower
49:40 Guard Tower
52:29 Gryphon Aviary
52:30 Gryphon Aviary
52:33 Farm
52:34 Farm
52:34 Farm
52:35 Farm
52:36 Farm
52:36 Farm
53:33 Guard Tower
54:02 Farm
57:08 Blacksmith
72:04 Town Hall
72:36 Scout Tower
73:07 Guard Tower
» items
| Boots of Speed | 3 | |
| Staff of Teleportation | 3 | |
| Circlet of Nobility | 1 | |
| Ivory Tower | 3 | |
| Staff of Sanctuary | 3 | |
| Periapt of Vitality | 1 | |
| Scroll of Town Portal | 2 | |
| Potion of Healing | 3 | |
| Potion of Mana | 1 | |
| Tome of Retraining | 1 | |
21 total
Chat log
(70:56 / All) MrFrosty: 2ez
(73:20 / All) MrFrosty: pulling the plug still gets you a loss fy nub